Chicago Black Hawks vs Hartford Whalers
Created - Wednesday, March 29, 2023 at 07:00
Goals
|
| Chicago Black Hawks |
0 |
2 |
1 |
3 |
| Hartford Whalers |
0 |
1 |
1 |
2 |
|
Shots
|
| Chicago Black Hawks |
18 |
8 |
9 |
35 |
| Hartford Whalers |
6 |
12 |
23 |
41 |
|
1st period
No Goal
Penalties :
Marcus Foligno (HFD) for Hooking (Minor) at 1:38, Matthew Tkachuk (CHI) for Hooking (Minor) at 6:45, Marcus Foligno (HFD) for High sticking (Minor) at 10:25, Chris Kreider (CHI) for Interference (Minor) at 13:17
2nd period
1. Chicago Black Hawks , Matt Duchene 11 (Steven Stamkos 15, Brent Burns 9) at 0:36 (PP)
2. Chicago Black Hawks , Steven Stamkos 11 (Chris Kreider 10, Matt Duchene 11) at 6:25 (PP)
3. Hartford Whalers , Josh Anderson 8 (Alexander Wennberg 12, Trevor van Riemsdyk 3) at 11:12
Penalties :
Alexander Wennberg (HFD) for Hooking (Minor) at 0:22, Kevin Labanc (HFD) for Slashing (Minor) at 6:16, Alexis Lafreniere (HFD) for Hooking (Minor) at 11:41, Haydn Fleury (HFD) for Hooking (Minor) at 14:25
3rd period
4. Hartford Whalers , Anthony Mantha 3 (Torey Krug 4) at 0:46
5. Chicago Black Hawks , Bo Horvat 6 (Vladimir Tarasenko 5, Nicolas Hague 3) at 12:43
Penalties :
No Penalty
Goalie Stats
Jordan Binnington (CHI), 39 saves from 41 shots - (0.951), W, 4-0-0, 60:00 minutes
Anton Forsberg (HFD), 32 saves from 35 shots - (0.914), L, 2-4-0, 58:56 minutes
Players Stats for Chicago Black Hawks
Player Name G A P +/- PIM S H SB GA TA FO MP PP MP PK MP
------------------------------------------------------------------------------------
Barclay Goodrow 0 0 0 0 0 1 0 1 1 0 5/10 11:11 0:00 2:04
Bo Horvat 1 0 1 0 0 2 1 0 1 1 12/20 17:42 3:34 1:13
Brent Burns 0 1 1 0 0 4 3 3 0 2 0/0 27:11 5:04 1:46
Bryan Rust 0 0 0 0 0 5 1 0 1 0 0/0 8:01 0:01 0:00
Chris Kreider 0 1 1 0 2 3 1 0 0 0 0/0 18:36 4:44 0:46
Devon Toews 0 0 0 0 0 1 2 1 0 0 0/0 25:29 3:15 2:12
Lawson Crouse 0 0 0 0 0 2 0 2 0 0 0/0 11:42 0:01 2:05
Matt Duchene 1 1 2 -1 0 3 0 1 2 1 0/0 21:03 4:44 0:00
Matthew Tkachuk 0 0 0 -1 2 3 0 1 1 0 0/0 20:00 3:34 0:01
Mikhail Sergachev 0 0 0 -1 0 0 0 0 0 1 0/0 22:06 5:04 1:46
Nicolas Hague 0 1 1 0 0 1 0 1 0 0 0/0 11:52 0:00 0:00
Nikolaj Ehlers 0 0 0 0 0 0 0 0 0 0 0/0 9:18 0:01 0:00
Phillip Danault 0 0 0 0 0 3 2 0 2 1 2/7 11:30 0:00 1:21
Rasmus Andersson 0 0 0 0 0 0 0 0 0 0 0/0 13:44 0:00 0:00
Rasmus Ristolainen 0 0 0 -1 0 0 1 1 0 0 0/0 15:49 0:00 2:12
Steven Stamkos 1 1 2 -1 0 4 1 0 0 0 13/23 21:03 4:44 0:00
Travis Konecny 0 0 0 0 0 2 1 0 0 0 1/1 12:59 3:34 0:26
Vladimir Tarasenko 0 1 1 0 0 1 0 2 0 0 0/0 16:44 3:15 0:00
Players Stats for Hartford Whalers
Player Name G A P +/- PIM S H SB GA TA FO MP PP MP PK MP
------------------------------------------------------------------------------------
Alec Martinez 0 0 0 0 0 1 1 0 0 1 0/0 10:57 0:00 0:00
Alexander Wennberg 0 1 1 0 2 4 0 1 1 0 16/28 19:53 2:00 2:19
Alexis Lafreniere 0 0 0 -1 2 2 0 1 0 1 1/1 13:08 0:00 1:54
Anthony Mantha 1 0 1 2 0 9 1 1 3 1 0/0 18:21 1:58 0:00
Brett Howden 0 0 0 0 0 1 0 0 0 0 0/0 5:59 0:00 1:14
Casey Cizikas 0 0 0 2 0 0 1 1 0 0 5/14 18:21 1:58 0:00
Eetu Luostarinen 0 0 0 0 0 0 0 0 0 0 1/2 7:07 0:00 2:37
Haydn Fleury 0 0 0 0 2 0 1 2 0 1 0/0 11:04 0:00 0:00
Jaccob Slavin 0 0 0 -1 0 3 1 3 1 2 0/0 28:50 2:21 5:15
Josh Anderson 1 0 1 2 0 6 3 0 0 0 0/0 20:34 1:58 2:19
Kevin Labanc 0 0 0 -1 2 0 1 1 0 0 1/2 10:59 0:00 0:00
Marcus Foligno 0 0 0 0 4 5 2 0 0 0 1/1 19:49 2:00 2:09
Michael Raffl 0 0 0 -1 0 1 1 2 0 0 1/4 13:15 0:01 0:00
Taylor Hall 0 0 0 0 0 1 0 0 1 0 2/9 24:02 1:59 4:06
Thomas Chabot 0 0 0 -1 0 3 0 1 0 0 0/0 25:12 2:21 5:15
Torey Krug 0 1 1 2 0 5 1 2 0 1 0/0 20:13 1:37 3:04
Travis Dermott 0 0 0 0 0 0 0 0 0 0 0/0 3:38 0:00 0:00
Trevor van Riemsdyk 0 1 1 2 0 0 0 1 0 1 0/0 20:13 1:37 3:04
3 Stars
1 - Jordan Binnington (CHI)
2 - Josh Anderson (HFD)
3 - Anthony Mantha (HFD)
Power Play
Chicago Black Hawks - 2 on 6 Attempt(s) - 33.33%
Hartford Whalers - 0 on 2 Attempt(s) - 0.00%
Penalty Kill
Chicago Black Hawks - 2 on 2 Attempt(s) - 100.00%
- Score 0 goal in Penalty Kill
Hartford Whalers - 4 on 6 Attempt(s) - 66.67%
- Score 0 goal in Penalty Kill
Team Stat
Chicago Black Hawks - Hits : 13 - Faceoff Wins : 33 - Blocked Shots : 13 - Penalty Minutes : 4
Hartford Whalers - Hits : 13 - Faceoff Wins : 28 - Blocked Shots : 16 - Penalty Minutes : 12
Official
Referees : Ghislain Hebert and Kyle Rehman
Linesman : Steve Miller and Brian Murphy
Game Notes
12:43 of 3rd period - Chicago Black Hawks goal is going for a video replay. After video review, Goal.
Finance
Level 1 -- Attendance: 4900 (49.00%) -- Ticket Income $490,000
Level 2 -- Attendance: 3832 (76.64%) -- Ticket Income $229,920
Level 3 -- Attendance: 2690 (89.67%) -- Ticket Income $94,150
Level 4 -- Attendance: 4099 (81.98%) -- Ticket Income $102,475
Luxury Box -- Attendance: 711 (71.10%) -- Ticket Income $142,200
Game was played at the Hartford Civic Center.
Total Attendance: 16232 (67.63%)
Total Ticket Income: $1,058,745
Other Income: $370,561
Total Income: $1,429,306
Chicago Black Hawks
5 vs 5 Forward
Center Left Wing Right Wing Time % Phy DF OF
1 Steven Stamkos Matthew Tkachuk Matt Duchene 40 0 1 4
2 Bo Horvat Chris Kreider Vladimir Tarasenko 30 0 1 4
3 Phillip Danault Nikolaj Ehlers Travis Konecny 20 0 2 3
4 Barclay Goodrow Bryan Rust Lawson Crouse 10 0 2 3
5 vs 5 Defense
Defense Defense Time % Phy DF OF
1 Brent Burns Devon Toews 40 0 2 3
2 Rasmus Ristolainen Mikhail Sergachev 30 0 2 3
3 Rasmus Andersson Nicolas Hague 20 0 4 1
4 Mikhail Sergachev Rasmus Andersson 10 0 3 2
PowerPlay Forward
Center Left Wing Right Wing Time % Phy DF OF
1 Steven Stamkos Chris Kreider Matt Duchene 60 0 0 5
2 Bo Horvat Matthew Tkachuk Travis Konecny 40 0 0 5
PowerPlay Defense
Defense Defense Time % Phy DF OF
1 Brent Burns Mikhail Sergachev 60 0 0 5
2 Devon Toews Vladimir Tarasenko 40 0 0 5
Penalty Kill 4 Players Forward
Center Wing Time % Phy DF OF
1 Barclay Goodrow Lawson Crouse 60 0 5 0
2 Phillip Danault Chris Kreider 40 0 5 0
Penalty Kill 4 Players Defense
Defense Defense Time % Phy DF OF
1 Devon Toews Rasmus Ristolainen 60 0 5 0
2 Brent Burns Mikhail Sergachev 40 0 5 0
Penalty Kill - 3 Players Forward
Forward Time % Phy DF OF
1 Barclay Goodrow 60 0 5 0
2 Phillip Danault 40 0 5 0
Penalty Kill - 3 Players Defense
Defense Defense Time % Phy DF OF
1 Rasmus Ristolainen Mikhail Sergachev 60 0 5 0
2 Devon Toews Nicolas Hague 40 0 5 0
4 vs 4 Forward
Center Wing Time % Phy DF OF
1 Phillip Danault Nikolaj Ehlers 60 0 2 3
2 Bo Horvat Bryan Rust 40 0 2 3
4 vs 4 Defense
Defense Defense Time % Phy DF OF
1 Nicolas Hague Rasmus Ristolainen 60 0 4 1
2 Devon Toews Brent Burns 40 0 2 3
Last Minutes Offensive
Center Left Wing Right Wing Defense Defense
Steven Stamkos Chris Kreider Matthew Tkachuk Brent Burns Devon Toews
Last Minutes Defensive
Center Left Wing Right Wing Defense Defense
Barclay Goodrow Lawson Crouse Phillip Danault Rasmus Ristolainen Brent Burns
Goaltenders
Starting : Jordan Binnington
Backup : Ilya Sorokin
Extra Forwards
Normal : Lawson Crouse, Vladimir Tarasenko, Phillip Danault - PP : Bryan Rust, Nikolaj Ehlers - PK : Bo Horvat
Extra Defensemen
Normal : Rasmus Ristolainen, Nicolas Hague, Devon Toews - PP : Rasmus Ristolainen - PK : Nicolas Hague, Devon Toews
Penalty Shots
Bryan Rust, Matt Duchene, Devon Toews, Bo Horvat, Rasmus Ristolainen
Hartford Whalers
5 vs 5 Forward
Center Left Wing Right Wing Time % Phy DF OF
1 Alexander Wennberg Taylor Hall Marcus Foligno 40 1 2 2
2 Casey Cizikas Josh Anderson Anthony Mantha 30 1 2 2
3 Michael Raffl Alexis Lafreniere Kevin Labanc 20 1 2 2
4 Eetu Luostarinen Brett Howden Taylor Hall 10 1 2 2
5 vs 5 Defense
Defense Defense Time % Phy DF OF
1 Jaccob Slavin Thomas Chabot 40 1 2 2
2 Torey Krug Trevor van Riemsdyk 30 1 2 2
3 Alec Martinez Haydn Fleury 20 1 2 2
4 Travis Dermott Jaccob Slavin 10 1 2 2
PowerPlay Forward
Center Left Wing Right Wing Time % Phy DF OF
1 Alexander Wennberg Taylor Hall Marcus Foligno 60 1 2 2
2 Casey Cizikas Josh Anderson Anthony Mantha 40 1 2 2
PowerPlay Defense
Defense Defense Time % Phy DF OF
1 Jaccob Slavin Thomas Chabot 60 1 2 2
2 Torey Krug Trevor van Riemsdyk 40 1 2 2
Penalty Kill 4 Players Forward
Center Wing Time % Phy DF OF
1 Taylor Hall Marcus Foligno 60 1 2 2
2 Alexander Wennberg Josh Anderson 40 1 2 2
Penalty Kill 4 Players Defense
Defense Defense Time % Phy DF OF
1 Jaccob Slavin Thomas Chabot 60 1 2 2
2 Torey Krug Trevor van Riemsdyk 40 1 2 2
Penalty Kill - 3 Players Forward
Forward Time % Phy DF OF
1 Taylor Hall 60 1 2 2
2 Marcus Foligno 40 1 2 2
Penalty Kill - 3 Players Defense
Defense Defense Time % Phy DF OF
1 Jaccob Slavin Thomas Chabot 60 1 2 2
2 Torey Krug Trevor van Riemsdyk 40 1 2 2
4 vs 4 Forward
Center Wing Time % Phy DF OF
1 Taylor Hall Marcus Foligno 60 1 2 2
2 Alexander Wennberg Josh Anderson 40 1 2 2
4 vs 4 Defense
Defense Defense Time % Phy DF OF
1 Jaccob Slavin Thomas Chabot 60 1 2 2
2 Torey Krug Trevor van Riemsdyk 40 1 2 2
Last Minutes Offensive
Center Left Wing Right Wing Defense Defense
Alexander Wennberg Taylor Hall Marcus Foligno Jaccob Slavin Thomas Chabot
Last Minutes Defensive
Center Left Wing Right Wing Defense Defense
Alexander Wennberg Taylor Hall Marcus Foligno Jaccob Slavin Thomas Chabot
Goaltenders
Starting : Anton Forsberg
Backup : Logan Thompson
Extra Forwards
Normal : Michael Raffl, Alexis Lafreniere, Eetu Luostarinen - PP : Michael Raffl, Alexis Lafreniere - PK : Eetu Luostarinen
Extra Defensemen
Normal : Alec Martinez, Haydn Fleury, Travis Dermott - PP : Alec Martinez - PK : Haydn Fleury, Travis Dermott
Penalty Shots
Taylor Hall, Marcus Foligno, Alexander Wennberg, Josh Anderson, Anthony Mantha
% Time on Ice - Chicago Black Hawks
Lines # - Real PCT - Wanted PCT - Time Play
Normal Forward
1 - 37% - 40% - 16:59
2 - 28% - 30% - 12:55
3 - 19% - 20% - 8:57
4 - 16% - 10% - 7:40
Normal Defense
1 - 43% - 40% - 19:56
2 - 29% - 30% - 13:30
3 - 24% - 20% - 11:13
4 - 4% - 10% - 1:52
PP Forward
1 - 57% - 60% - 4:45
2 - 43% - 40% - 3:34
PP Defense
1 - 61% - 60% - 5:04
2 - 39% - 40% - 3:15
PK Forward
1 - 66% - 60% - 2:37
2 - 34% - 40% - 1:21
PK Defense
1 - 55% - 60% - 2:12
2 - 45% - 40% - 1:46
PK3 Forward
1 - 0% - 60%
2 - 0% - 40%
PK3 Defense
1 - 0% - 60%
2 - 0% - 40%
44 Forward
1 - 0% - 60%
2 - 0% - 40%
44 Defense
1 - 0% - 60%
2 - 0% - 40%
Last Minute Offensive - 0:00
Last Minute Defensive - 1:12
Total
Forward - 60:00
Defense - 60:00
|
% Time on Ice - Hartford Whalers
Lines # - Real PCT - Wanted PCT - Time Play
Normal Forward
1 - 31% - 40% - 14:39
2 - 35% - 30% - 16:23
3 - 24% - 20% - 11:00
4 - 10% - 10% - 4:30
Normal Defense
1 - 38% - 40% - 17:36
2 - 33% - 30% - 15:23
3 - 21% - 20% - 9:55
4 - 8% - 10% - 3:38
PP Forward
1 - 50% - 60% - 2:00
2 - 50% - 40% - 1:58
PP Defense
1 - 59% - 60% - 2:21
2 - 41% - 40% - 1:37
PK Forward
1 - 72% - 60% - 6:00
2 - 28% - 40% - 2:19
PK Defense
1 - 63% - 60% - 5:15
2 - 37% - 40% - 3:04
PK3 Forward
1 - 0% - 60%
2 - 0% - 40%
PK3 Defense
1 - 0% - 60%
2 - 0% - 40%
44 Forward
1 - 0% - 60%
2 - 0% - 40%
44 Defense
1 - 0% - 60%
2 - 0% - 40%
Last Minute Offensive - 1:11
Last Minute Defensive - 0:00
Total
Forward - 60:00
Defense - 60:00
|
Play-by-Play
1st period
0:01 of 1st period - Alexander Wennberg wins face-off versus Steven Stamkos in neutral zone.
0:33 of 1st period - Wrist shot by Anthony Mantha.
0:33 of 1st period - Shot Blocked by Devon Toews.
0:35 of 1st period - Slapshot by Jaccob Slavin.
0:35 of 1st period - Stopped by Jordan Binnington with a rebound.
0:51 of 1st period - Snap shot by Phillip Danault.
0:51 of 1st period - Shot Misses the Net.
1:09 of 1st period - Snap shot by Bryan Rust.
1:09 of 1st period - Stopped by Anton Forsberg with a rebound.
1:11 of 1st period - Wrist shot by Brent Burns.
1:11 of 1st period - Shot Misses the Net.
1:13 of 1st period - Slapshot by Devon Toews.
1:13 of 1st period - Stopped by Anton Forsberg with a rebound.
1:19 of 1st period - Wrist shot by Bryan Rust.
1:19 of 1st period - Stopped by Anton Forsberg without a rebound.
1:20 of 1st period - Steven Stamkos wins face-off versus Casey Cizikas in Hartford Whalers zone.
1:23 of 1st period - Snap shot by Steven Stamkos.
1:23 of 1st period - Shot Blocked by Casey Cizikas.
1:33 of 1st period - Wrist shot by Matt Duchene.
1:33 of 1st period - Stopped by Anton Forsberg without a rebound.
1:34 of 1st period - Bo Horvat wins face-off versus Alexander Wennberg in Hartford Whalers zone.
1:35 of 1st period - Snap shot by Chris Kreider.
1:35 of 1st period - Stopped by Anton Forsberg without a rebound.
1:36 of 1st period - Alexander Wennberg wins face-off versus Bo Horvat in Hartford Whalers zone.
1:38 of 1st period - Minor Penalty to Marcus Foligno for Hooking.
1:39 of 1st period - Taylor Hall wins face-off versus Steven Stamkos in Hartford Whalers zone.
2:54 of 1st period - Devon Toews is hit by Josh Anderson and loses puck.
3:38 of 1st period - Penalty to Marcus Foligno is over, Marcus Foligno is back on ice.
4:00 of 1st period - Mikhail Sergachev is hit by Josh Anderson and loses puck.
4:49 of 1st period - Nicolas Hague is hit by Casey Cizikas and loses puck.
6:45 of 1st period - Minor Penalty to Matthew Tkachuk for Hooking.
6:46 of 1st period - Alexander Wennberg wins face-off versus Barclay Goodrow in Chicago Black Hawks zone.
6:55 of 1st period - Slapshot by Taylor Hall.
6:55 of 1st period - Shot Misses the Net.
6:57 of 1st period - Wrist shot by Jaccob Slavin.
6:57 of 1st period - Shot Misses the Net.
6:59 of 1st period - Wrist shot by Marcus Foligno.
6:59 of 1st period - Shot Blocked by Lawson Crouse.
8:06 of 1st period - Taylor Hall is hit by Chris Kreider and loses puck.
8:29 of 1st period - Thomas Chabot is hit by Brent Burns and loses puck.
8:45 of 1st period - Penalty to Matthew Tkachuk is over, Matthew Tkachuk is back on ice.
8:59 of 1st period - Snap shot by Lawson Crouse.
8:59 of 1st period - Stopped by Anton Forsberg without a rebound.
9:00 of 1st period - Steven Stamkos wins face-off versus Michael Raffl in Hartford Whalers zone.
9:15 of 1st period - Nicolas Hague is hit by Torey Krug and loses puck.
9:33 of 1st period - Wrist shot by Alexis Lafreniere.
9:33 of 1st period - Shot Blocked by Nicolas Hague.
9:35 of 1st period - Slapshot by Michael Raffl.
9:35 of 1st period - Shot Misses the Net.
9:37 of 1st period - Slapshot by Alec Martinez.
9:37 of 1st period - Shot Blocked by Matt Duchene.
9:56 of 1st period - Snap shot by Alexis Lafreniere.
9:56 of 1st period - Shot Misses the Net.
9:58 of 1st period - Slapshot by Alec Martinez.
9:58 of 1st period - Stopped by Jordan Binnington without a rebound.
9:59 of 1st period - Bo Horvat wins face-off versus Alexander Wennberg in Chicago Black Hawks zone.
9:59 of 1st period - Bo Horvat is hit by Jaccob Slavin.
10:07 of 1st period - Snap shot by Chris Kreider.
10:07 of 1st period - Shot Misses the Net.
10:09 of 1st period - Slapshot by Brent Burns.
10:09 of 1st period - Stopped by Anton Forsberg without a rebound.
10:10 of 1st period - Bo Horvat wins face-off versus Alexander Wennberg in Hartford Whalers zone.
10:14 of 1st period - Slapshot by Devon Toews.
10:14 of 1st period - Shot Blocked by Alexander Wennberg.
10:16 of 1st period - Slapshot by Devon Toews.
10:16 of 1st period - Shot Blocked by Jaccob Slavin.
10:20 of 1st period - Snap shot by Chris Kreider.
10:20 of 1st period - Shot Blocked by Jaccob Slavin.
10:22 of 1st period - Slapshot by Brent Burns.
10:22 of 1st period - Stopped by Anton Forsberg without a rebound.
10:23 of 1st period - Alexander Wennberg wins face-off versus Bo Horvat in Hartford Whalers zone.
10:25 of 1st period - Minor Penalty to Marcus Foligno for High sticking.
10:26 of 1st period - Steven Stamkos wins face-off versus Taylor Hall in Hartford Whalers zone.
10:28 of 1st period - Slapshot by Chris Kreider.
10:28 of 1st period - Stopped by Anton Forsberg without a rebound.
10:29 of 1st period - Steven Stamkos wins face-off versus Taylor Hall in Hartford Whalers zone.
10:40 of 1st period - Wrist shot by Chris Kreider.
10:40 of 1st period - Shot Misses the Net.
12:25 of 1st period - Penalty to Marcus Foligno is over, Marcus Foligno is back on ice.
12:50 of 1st period - Brent Burns is hit by Marcus Foligno and loses puck.
13:03 of 1st period - Nicolas Hague is hit by Alec Martinez and loses puck.
13:17 of 1st period - Minor Penalty to Chris Kreider for Interference.
13:18 of 1st period - Alexander Wennberg wins face-off versus Barclay Goodrow in Chicago Black Hawks zone.
13:26 of 1st period - Wrist shot by Taylor Hall.
13:26 of 1st period - Stopped by Jordan Binnington with a rebound.
13:28 of 1st period - Wrist shot by Taylor Hall.
13:28 of 1st period - Shot Misses the Net.
13:30 of 1st period - Snap shot by Alexander Wennberg.
13:30 of 1st period - Stopped by Jordan Binnington with a rebound.
13:32 of 1st period - Slapshot by Jaccob Slavin.
13:32 of 1st period - Stopped by Jordan Binnington with a rebound.
14:06 of 1st period - Snap shot by Lawson Crouse.
14:06 of 1st period - Stopped by Anton Forsberg without a rebound.
14:07 of 1st period - Alexander Wennberg wins face-off versus Phillip Danault in Hartford Whalers zone.
14:12 of 1st period - Alexander Wennberg is hit by Phillip Danault and loses puck.
14:23 of 1st period - Slapshot by Phillip Danault.
14:23 of 1st period - Stopped by Anton Forsberg with a rebound.
14:43 of 1st period - Backhand shot by Josh Anderson.
14:43 of 1st period - Shot Misses the Net.
14:45 of 1st period - Snap shot by Anthony Mantha.
14:45 of 1st period - Shot Misses the Net.
14:55 of 1st period - Thomas Chabot is hit by Bo Horvat.
15:17 of 1st period - Penalty to Chris Kreider is over, Chris Kreider is back on ice.
15:30 of 1st period - Wrist shot by Alexis Lafreniere.
15:30 of 1st period - Shot Misses the Net.
15:58 of 1st period - Snap shot by Phillip Danault.
15:58 of 1st period - Deflect By Travis Konecny.
15:58 of 1st period - Stopped by Anton Forsberg without a rebound.
15:59 of 1st period - Casey Cizikas wins face-off versus Phillip Danault in Hartford Whalers zone.
16:33 of 1st period - Slapshot by Brent Burns.
16:33 of 1st period - Stopped by Anton Forsberg without a rebound.
16:34 of 1st period - Bo Horvat wins face-off versus Casey Cizikas in Hartford Whalers zone.
16:41 of 1st period - Snap shot by Bo Horvat.
16:41 of 1st period - Stopped by Anton Forsberg with a rebound.
16:43 of 1st period - Slapshot by Brent Burns.
16:43 of 1st period - Stopped by Anton Forsberg with a rebound.
16:45 of 1st period - Slapshot by Brent Burns.
16:45 of 1st period - Shot Misses the Net.
16:47 of 1st period - Slapshot by Brent Burns.
16:47 of 1st period - Shot Blocked by Anthony Mantha.
17:44 of 1st period - Off-side.
17:45 of 1st period - Barclay Goodrow wins face-off versus Eetu Luostarinen in neutral zone.
18:10 of 1st period - Matthew Tkachuk is hit by Anthony Mantha and loses puck.
18:15 of 1st period - Wrist shot by Josh Anderson.
18:15 of 1st period - Stopped by Jordan Binnington with a rebound.
18:21 of 1st period - Slapshot by Brent Burns.
18:21 of 1st period - Deflect By Steven Stamkos.
18:21 of 1st period - Stopped by Anton Forsberg with a rebound.
18:39 of 1st period - Snap shot by Travis Konecny.
18:39 of 1st period - Stopped by Anton Forsberg with a rebound.
18:41 of 1st period - Snap shot by Phillip Danault.
18:41 of 1st period - Stopped by Anton Forsberg with a rebound.
18:57 of 1st period - Wrist shot by Taylor Hall.
18:57 of 1st period - Shot Misses the Net.
Goals for this period are 0 for Chicago Black Hawks vs 0 for Hartford Whalers.
Shots for this period are 18 for Chicago Black Hawks vs 6 for Hartford Whalers.
2nd period
0:01 of 2nd period - Bo Horvat wins face-off versus Alexander Wennberg in neutral zone.
0:22 of 2nd period - Minor Penalty to Alexander Wennberg for Hooking.
0:23 of 2nd period - Steven Stamkos wins face-off versus Taylor Hall in Hartford Whalers zone.
0:34 of 2nd period - Slapshot by Matt Duchene.
0:34 of 2nd period - Stopped by Anton Forsberg with a rebound.
0:36 of 2nd period - Snap shot by Matt Duchene.
0:36 of 2nd period - Goal by Matt Duchene - Chicago Black Hawks : 1 - Hartford Whalers : 0.
0:37 of 2nd period - Alexander Wennberg wins face-off versus Steven Stamkos in neutral zone.
1:04 of 2nd period - Icing by Rasmus Ristolainen.
1:05 of 2nd period - Casey Cizikas wins face-off versus Bo Horvat in Chicago Black Hawks zone.
1:36 of 2nd period - Snap shot by Nikolaj Ehlers.
1:36 of 2nd period - Shot Blocked by Michael Raffl.
2:45 of 2nd period - Wrist shot by Bryan Rust.
2:45 of 2nd period - Stopped by Anton Forsberg with a rebound.
2:47 of 2nd period - Slapshot by Rasmus Andersson.
2:47 of 2nd period - Deflect By Barclay Goodrow.
2:47 of 2nd period - Shot Misses the Net.
2:47 of 2nd period - Puck is out of play.
2:48 of 2nd period - Barclay Goodrow wins face-off versus Alexander Wennberg in Hartford Whalers zone.
3:40 of 2nd period - Slapshot by Anthony Mantha.
3:40 of 2nd period - Stopped by Jordan Binnington without a rebound.
3:41 of 2nd period - Bo Horvat wins face-off versus Casey Cizikas in Chicago Black Hawks zone.
3:54 of 2nd period - Wrist shot by Josh Anderson.
3:54 of 2nd period - Stopped by Jordan Binnington with a rebound.
3:56 of 2nd period - Backhand shot by Josh Anderson.
3:56 of 2nd period - Shot Blocked by Vladimir Tarasenko.
4:34 of 2nd period - Off-side.
4:35 of 2nd period - Alexander Wennberg wins face-off versus Steven Stamkos in neutral zone.
4:38 of 2nd period - Slapshot by Marcus Foligno.
4:38 of 2nd period - Stopped by Jordan Binnington with a rebound.
4:40 of 2nd period - Wrist shot by Alexander Wennberg.
4:40 of 2nd period - Shot Misses the Net.
4:42 of 2nd period - Wrist shot by Alexander Wennberg.
4:42 of 2nd period - Shot Blocked by Brent Burns.
4:44 of 2nd period - Slapshot by Torey Krug.
4:44 of 2nd period - Stopped by Jordan Binnington with a rebound.
4:46 of 2nd period - Snap shot by Alexander Wennberg.
4:46 of 2nd period - Stopped by Jordan Binnington with a rebound.
4:48 of 2nd period - Wrist shot by Taylor Hall.
4:48 of 2nd period - Shot Blocked by Matthew Tkachuk.
4:50 of 2nd period - Snap shot by Alexander Wennberg.
4:50 of 2nd period - Stopped by Jordan Binnington with a rebound.
5:10 of 2nd period - Slapshot by Thomas Chabot.
5:10 of 2nd period - Shot Misses the Net.
5:30 of 2nd period - Slapshot by Nikolaj Ehlers.
5:30 of 2nd period - Shot Blocked by Kevin Labanc.
5:32 of 2nd period - Snap shot by Phillip Danault.
5:32 of 2nd period - Shot Blocked by Alexis Lafreniere.
5:54 of 2nd period - Matt Duchene is hit by Haydn Fleury and loses puck.
6:07 of 2nd period - Slapshot by Bryan Rust.
6:07 of 2nd period - Shot Blocked by Haydn Fleury.
6:09 of 2nd period - Snap shot by Barclay Goodrow.
6:09 of 2nd period - Stopped by Anton Forsberg with a rebound.
6:11 of 2nd period - Slapshot by Rasmus Andersson.
6:11 of 2nd period - Deflect By Barclay Goodrow.
6:11 of 2nd period - Shot Blocked by Haydn Fleury.
6:11 of 2nd period - Puck is out of play.
6:12 of 2nd period - Barclay Goodrow wins face-off versus Michael Raffl in Hartford Whalers zone.
6:16 of 2nd period - Minor Penalty to Kevin Labanc for Slashing.
6:17 of 2nd period - Steven Stamkos wins face-off versus Taylor Hall in Hartford Whalers zone.
6:25 of 2nd period - Slapshot by Steven Stamkos.
6:25 of 2nd period - Goal by Steven Stamkos - Chicago Black Hawks : 2 - Hartford Whalers : 0.
6:26 of 2nd period - Steven Stamkos wins face-off versus Alexander Wennberg in neutral zone.
7:00 of 2nd period - Wrist shot by Chris Kreider.
7:00 of 2nd period - Shot Blocked by Jaccob Slavin.
7:43 of 2nd period - Wrist shot by Steven Stamkos.
7:43 of 2nd period - Shot Misses the Net.
7:59 of 2nd period - Backhand shot by Josh Anderson.
7:59 of 2nd period - Shot Blocked by Brent Burns.
8:09 of 2nd period - Wrist shot by Anthony Mantha.
8:09 of 2nd period - Stopped by Jordan Binnington without a rebound.
8:10 of 2nd period - Bo Horvat wins face-off versus Alexander Wennberg in Chicago Black Hawks zone.
8:37 of 2nd period - Phillip Danault is hit by Kevin Labanc and loses puck.
8:42 of 2nd period - Slapshot by Alexis Lafreniere.
8:42 of 2nd period - Stopped by Jordan Binnington without a rebound.
8:43 of 2nd period - Alexis Lafreniere wins face-off versus Steven Stamkos in Chicago Black Hawks zone.
8:54 of 2nd period - Wrist shot by Alexis Lafreniere.
8:54 of 2nd period - Shot Misses the Net.
9:08 of 2nd period - Icing by Matthew Tkachuk.
9:09 of 2nd period - Alexander Wennberg wins face-off versus Steven Stamkos in Chicago Black Hawks zone.
9:20 of 2nd period - Slapshot by Alexander Wennberg.
9:20 of 2nd period - Stopped by Jordan Binnington without a rebound.
9:21 of 2nd period - Alexander Wennberg wins face-off versus Bo Horvat in Chicago Black Hawks zone.
9:24 of 2nd period - Wrist shot by Taylor Hall.
9:24 of 2nd period - Shot Misses the Net.
9:37 of 2nd period - Wrist shot by Chris Kreider.
9:37 of 2nd period - Stopped by Anton Forsberg with a rebound.
9:52 of 2nd period - Snap shot by Matthew Tkachuk.
9:52 of 2nd period - Shot Misses the Net.
9:54 of 2nd period - Slapshot by Matthew Tkachuk.
9:54 of 2nd period - Stopped by Anton Forsberg with a rebound.
11:12 of 2nd period - Snap shot by Josh Anderson.
11:12 of 2nd period - Goal by Josh Anderson - Chicago Black Hawks : 2 - Hartford Whalers : 1.
11:13 of 2nd period - Casey Cizikas wins face-off versus Steven Stamkos in neutral zone.
11:26 of 2nd period - Snap shot by Josh Anderson.
11:26 of 2nd period - Deflect By Anthony Mantha.
11:26 of 2nd period - Stopped by Jordan Binnington with a rebound.
11:28 of 2nd period - Slapshot by Jaccob Slavin.
11:28 of 2nd period - Shot Blocked by Brent Burns.
11:41 of 2nd period - Minor Penalty to Alexis Lafreniere for Hooking.
11:42 of 2nd period - Steven Stamkos wins face-off versus Taylor Hall in Hartford Whalers zone.
12:30 of 2nd period - Icing by Devon Toews.
12:31 of 2nd period - Steven Stamkos wins face-off versus Taylor Hall in Chicago Black Hawks zone.
13:41 of 2nd period - Penalty to Alexis Lafreniere is over, Alexis Lafreniere is back on ice.
13:46 of 2nd period - Wrist shot by Anthony Mantha.
13:46 of 2nd period - Stopped by Jordan Binnington without a rebound.
13:47 of 2nd period - Casey Cizikas wins face-off versus Barclay Goodrow in Chicago Black Hawks zone.
14:25 of 2nd period - Minor Penalty to Haydn Fleury for Hooking.
14:26 of 2nd period - Taylor Hall wins face-off versus Steven Stamkos in Hartford Whalers zone.
14:41 of 2nd period - Jaccob Slavin is hit by Steven Stamkos and loses puck.
15:00 of 2nd period - Wrist shot by Matthew Tkachuk.
15:00 of 2nd period - Stopped by Anton Forsberg with a rebound.
15:02 of 2nd period - Wrist shot by Brent Burns.
15:02 of 2nd period - Shot Blocked by Thomas Chabot.
16:25 of 2nd period - Penalty to Haydn Fleury is over, Haydn Fleury is back on ice.
16:45 of 2nd period - Casey Cizikas is hit by Bryan Rust and loses puck.
17:10 of 2nd period - Travis Konecny is hit by Michael Raffl and loses puck.
19:04 of 2nd period - Eetu Luostarinen is hit by Devon Toews and loses puck.
19:22 of 2nd period - Off-side.
19:23 of 2nd period - Barclay Goodrow wins face-off versus Casey Cizikas in neutral zone.
Goals for this period are 2 for Chicago Black Hawks vs 1 for Hartford Whalers.
Shots for this period are 8 for Chicago Black Hawks vs 12 for Hartford Whalers.
3rd period
0:01 of 3rd period - Steven Stamkos wins face-off versus Alexander Wennberg in neutral zone.
0:30 of 3rd period - Slapshot by Thomas Chabot.
0:30 of 3rd period - Stopped by Jordan Binnington without a rebound.
0:31 of 3rd period - Bo Horvat wins face-off versus Casey Cizikas in Chicago Black Hawks zone.
0:38 of 3rd period - Backhand shot by Chris Kreider.
0:38 of 3rd period - Shot Misses the Net.
0:46 of 3rd period - Slapshot by Anthony Mantha.
0:46 of 3rd period - Goal by Anthony Mantha - Chicago Black Hawks : 2 - Hartford Whalers : 2.
0:47 of 3rd period - Alexander Wennberg wins face-off versus Steven Stamkos in neutral zone.
0:50 of 3rd period - Devon Toews is hit by Marcus Foligno and loses puck.
1:03 of 3rd period - Snap shot by Taylor Hall.
1:03 of 3rd period - Deflect By Marcus Foligno.
1:03 of 3rd period - Stopped by Jordan Binnington with a rebound.
1:30 of 3rd period - Icing by Vladimir Tarasenko.
1:31 of 3rd period - Travis Konecny wins face-off versus Kevin Labanc in Chicago Black Hawks zone.
1:39 of 3rd period - Icing by Mikhail Sergachev.
1:40 of 3rd period - Phillip Danault wins face-off versus Alexander Wennberg in Chicago Black Hawks zone.
1:50 of 3rd period - Snap shot by Taylor Hall.
1:50 of 3rd period - Shot Blocked by Rasmus Ristolainen.
1:52 of 3rd period - Wrist shot by Alexander Wennberg.
1:52 of 3rd period - Shot Misses the Net.
1:54 of 3rd period - Wrist shot by Alexander Wennberg.
1:54 of 3rd period - Shot Misses the Net.
2:11 of 3rd period - Snap shot by Steven Stamkos.
2:11 of 3rd period - Shot Misses the Net.
2:13 of 3rd period - Slapshot by Rasmus Ristolainen.
2:13 of 3rd period - Shot Misses the Net.
2:15 of 3rd period - Snap shot by Steven Stamkos.
2:15 of 3rd period - Shot Misses the Net.
2:17 of 3rd period - Slapshot by Matthew Tkachuk.
2:17 of 3rd period - Stopped by Anton Forsberg with a rebound.
2:19 of 3rd period - Wrist shot by Steven Stamkos.
2:19 of 3rd period - Stopped by Anton Forsberg without a rebound.
2:20 of 3rd period - Bo Horvat wins face-off versus Taylor Hall in Hartford Whalers zone.
2:27 of 3rd period - Slapshot by Torey Krug.
2:27 of 3rd period - Deflect By Bo Horvat.
2:27 of 3rd period - Stopped by Jordan Binnington without a rebound.
2:28 of 3rd period - Alexander Wennberg wins face-off versus Bo Horvat in Chicago Black Hawks zone.
2:35 of 3rd period - Wrist shot by Marcus Foligno.
2:35 of 3rd period - Shot Misses the Net.
2:37 of 3rd period - Wrist shot by Alexander Wennberg.
2:37 of 3rd period - Shot Misses the Net.
2:39 of 3rd period - Slapshot by Torey Krug.
2:39 of 3rd period - Stopped by Jordan Binnington with a rebound.
3:08 of 3rd period - Icing by Bo Horvat.
3:09 of 3rd period - Casey Cizikas wins face-off versus Bo Horvat in Chicago Black Hawks zone.
3:10 of 3rd period - Snap shot by Josh Anderson.
3:10 of 3rd period - Deflect By Anthony Mantha.
3:10 of 3rd period - Stopped by Jordan Binnington with a rebound.
3:12 of 3rd period - Snap shot by Josh Anderson.
3:12 of 3rd period - Shot Misses the Net.
3:14 of 3rd period - Wrist shot by Josh Anderson.
3:14 of 3rd period - Stopped by Jordan Binnington with a rebound.
3:16 of 3rd period - Slapshot by Josh Anderson.
3:16 of 3rd period - Stopped by Jordan Binnington without a rebound.
3:17 of 3rd period - Steven Stamkos wins face-off versus Casey Cizikas in Chicago Black Hawks zone.
3:44 of 3rd period - Thomas Chabot is hit by Travis Konecny and loses puck.
3:53 of 3rd period - Snap shot by Nikolaj Ehlers.
3:53 of 3rd period - Shot Blocked by Michael Raffl.
4:41 of 3rd period - Snap shot by Bryan Rust.
4:41 of 3rd period - Shot Blocked by Trevor van Riemsdyk.
4:43 of 3rd period - Slapshot by Devon Toews.
4:43 of 3rd period - Shot Blocked by Torey Krug.
4:45 of 3rd period - Snap shot by Barclay Goodrow.
4:45 of 3rd period - Shot Misses the Net.
4:47 of 3rd period - Snap shot by Bryan Rust.
4:47 of 3rd period - Stopped by Anton Forsberg without a rebound.
4:48 of 3rd period - Marcus Foligno wins face-off versus Steven Stamkos in Hartford Whalers zone.
5:40 of 3rd period - Snap shot by Anthony Mantha.
5:40 of 3rd period - Stopped by Jordan Binnington without a rebound.
5:41 of 3rd period - Steven Stamkos wins face-off versus Casey Cizikas in Chicago Black Hawks zone.
6:13 of 3rd period - Slapshot by Anthony Mantha.
6:13 of 3rd period - Stopped by Jordan Binnington with a rebound.
6:15 of 3rd period - Snap shot by Anthony Mantha.
6:15 of 3rd period - Shot Misses the Net.
6:17 of 3rd period - Slapshot by Torey Krug.
6:17 of 3rd period - Stopped by Jordan Binnington with a rebound.
6:19 of 3rd period - Snap shot by Josh Anderson.
6:19 of 3rd period - Shot Misses the Net.
6:49 of 3rd period - Steven Stamkos is hit by Josh Anderson and loses puck.
6:56 of 3rd period - Travis Dermott is hit by Devon Toews and loses puck.
7:05 of 3rd period - Snap shot by Josh Anderson.
7:05 of 3rd period - Shot Misses the Net.
7:07 of 3rd period - Snap shot by Josh Anderson.
7:07 of 3rd period - Shot Misses the Net.
7:09 of 3rd period - Slapshot by Jaccob Slavin.
7:09 of 3rd period - Stopped by Jordan Binnington without a rebound.
7:10 of 3rd period - Bo Horvat wins face-off versus Alexander Wennberg in Chicago Black Hawks zone.
7:15 of 3rd period - Alexander Wennberg is hit by Brent Burns and loses puck.
7:44 of 3rd period - Wrist shot by Kevin Labanc.
7:44 of 3rd period - Shot Misses the Net.
7:46 of 3rd period - Slapshot by Torey Krug.
7:46 of 3rd period - Shot Misses the Net.
7:48 of 3rd period - Wrist shot by Alexis Lafreniere.
7:48 of 3rd period - Stopped by Jordan Binnington without a rebound.
7:49 of 3rd period - Eetu Luostarinen wins face-off versus Phillip Danault in Chicago Black Hawks zone.
8:20 of 3rd period - Slapshot by Thomas Chabot.
8:20 of 3rd period - Stopped by Jordan Binnington with a rebound.
8:22 of 3rd period - Snap shot by Thomas Chabot.
8:22 of 3rd period - Stopped by Jordan Binnington with a rebound.
8:24 of 3rd period - Slapshot by Jaccob Slavin.
8:24 of 3rd period - Shot Misses the Net.
8:26 of 3rd period - Snap shot by Eetu Luostarinen.
8:26 of 3rd period - Shot Misses the Net.
8:37 of 3rd period - Wrist shot by Brett Howden.
8:37 of 3rd period - Shot Blocked by Barclay Goodrow.
8:39 of 3rd period - Slapshot by Brett Howden.
8:39 of 3rd period - Stopped by Jordan Binnington without a rebound.
8:40 of 3rd period - Michael Raffl wins face-off versus Bo Horvat in Chicago Black Hawks zone.
8:43 of 3rd period - Snap shot by Kevin Labanc.
8:43 of 3rd period - Deflect By Alexis Lafreniere.
8:43 of 3rd period - Shot Blocked by Vladimir Tarasenko.
8:43 of 3rd period - Puck is out of play.
8:44 of 3rd period - Bo Horvat wins face-off versus Michael Raffl in Chicago Black Hawks zone.
9:44 of 3rd period - Snap shot by Matt Duchene.
9:44 of 3rd period - Shot Misses the Net.
10:01 of 3rd period - Slapshot by Brent Burns.
10:01 of 3rd period - Shot Blocked by Torey Krug.
10:13 of 3rd period - Slapshot by Torey Krug.
10:13 of 3rd period - Stopped by Jordan Binnington with a rebound.
11:01 of 3rd period - Snap shot by Steven Stamkos.
11:01 of 3rd period - Stopped by Anton Forsberg without a rebound.
11:02 of 3rd period - Bo Horvat wins face-off versus Alexander Wennberg in Hartford Whalers zone.
11:03 of 3rd period - Wrist shot by Vladimir Tarasenko.
11:03 of 3rd period - Stopped by Anton Forsberg without a rebound.
11:04 of 3rd period - Alexander Wennberg wins face-off versus Bo Horvat in Hartford Whalers zone.
12:37 of 3rd period - Wrist shot by Vladimir Tarasenko.
12:37 of 3rd period - Shot Misses the Net.
12:39 of 3rd period - Snap shot by Nicolas Hague.
12:39 of 3rd period - Stopped by Anton Forsberg with a rebound.
12:41 of 3rd period - Snap shot by Vladimir Tarasenko.
12:41 of 3rd period - Shot Hit the Post.
12:43 of 3rd period - Wrist shot by Bo Horvat.
12:43 of 3rd period - Chicago Black Hawks goal is going for a video replay.
12:43 of 3rd period - The goal is good.
12:43 of 3rd period - Goal by Bo Horvat - Chicago Black Hawks : 3 - Hartford Whalers : 2.
12:44 of 3rd period - Alexander Wennberg wins face-off versus Phillip Danault in neutral zone.
15:19 of 3rd period - Snap shot by Anthony Mantha.
15:19 of 3rd period - Stopped by Jordan Binnington without a rebound.
15:20 of 3rd period - Steven Stamkos wins face-off versus Casey Cizikas in Chicago Black Hawks zone.
15:32 of 3rd period - Off-side.
15:33 of 3rd period - Kevin Labanc wins face-off versus Phillip Danault in neutral zone.
15:48 of 3rd period - Slapshot by Phillip Danault.
15:48 of 3rd period - Stopped by Anton Forsberg with a rebound.
15:58 of 3rd period - Thomas Chabot is hit by Rasmus Ristolainen and loses puck.
16:25 of 3rd period - Wrist shot by Josh Anderson.
16:25 of 3rd period - Stopped by Jordan Binnington without a rebound.
16:26 of 3rd period - Phillip Danault wins face-off versus Casey Cizikas in Chicago Black Hawks zone.
16:35 of 3rd period - Slapshot by Travis Konecny.
16:35 of 3rd period - Shot Misses the Net.
17:18 of 3rd period - Brett Howden is hit by Brent Burns and loses puck.
17:46 of 3rd period - Wrist shot by Bryan Rust.
17:46 of 3rd period - Stopped by Anton Forsberg with a rebound.
18:05 of 3rd period - Jaccob Slavin is hit by Phillip Danault and loses puck.
18:18 of 3rd period - Wrist shot by Michael Raffl.
18:18 of 3rd period - Shot Misses the Net.
18:56 of 3rd period - Hartford Whalers, Anton Forsberg is pulled from the net.
19:16 of 3rd period - Snap shot by Phillip Danault.
19:16 of 3rd period - Shot Misses the Net.
19:26 of 3rd period - Snap shot by Alexander Wennberg.
19:26 of 3rd period - Deflect By Michael Raffl.
19:26 of 3rd period - Stopped by Jordan Binnington without a rebound.
19:27 of 3rd period - Todd McLellan call a timeout for Hartford Whalers.
19:27 of 3rd period - Alexander Wennberg wins face-off versus Barclay Goodrow in Chicago Black Hawks zone.
19:28 of 3rd period - Wrist shot by Marcus Foligno.
19:28 of 3rd period - Shot Blocked by Lawson Crouse.
19:30 of 3rd period - Wrist shot by Marcus Foligno.
19:30 of 3rd period - Stopped by Jordan Binnington without a rebound.
19:31 of 3rd period - Barclay Goodrow wins face-off versus Alexander Wennberg in Chicago Black Hawks zone.
19:50 of 3rd period - Snap shot by Marcus Foligno.
19:50 of 3rd period - Stopped by Jordan Binnington with a rebound.
19:52 of 3rd period - Wrist shot by Marcus Foligno.
19:52 of 3rd period - Stopped by Jordan Binnington without a rebound.
19:53 of 3rd period - Alexander Wennberg wins face-off versus Barclay Goodrow in Chicago Black Hawks zone.
Goals for this period are 1 for Chicago Black Hawks vs 1 for Hartford Whalers.
Shots for this period are 9 for Chicago Black Hawks vs 23 for Hartford Whalers.
Back to the Top